 Dungeon Crawl Stone Soup version 0.27-a0-1136-g0b992a5a9d (webtiles) character file.

Game seed: 6567528883018794042

79116 robertstho the Eclecticist (level 15, -1/112 HPs)
             Began as a Djinni Fire Elementalist on May 5, 2021.
             Was a High Priest of Ashenzari.
             Killed from afar by a starcursed mass (5 damage)
             ... with an accursed screaming
             ... on level 1 of the Abyss.
             The game lasted 01:09:55 (35809 turns).

robertstho the Eclecticist (DjFE)                  Turns: 35809, Time: 01:09:56

Health: -1/112     AC: 14    Str:  7    XL:     15   Next: 62%
Gold:   1538       EV: 33    Int: 22    God:    Ashenzari [*****.] SH:  0 Dex: 18

rFire    + + .     SeeInvis +   x - +7 lajatang of Order {silver, rMut, Self, Cun} (curse)
rCold    x . .     Faith    .   (shield currently unavailable)
rNeg     . . .     Spirit   .   j - +2 robe "Naonk" {Regen+}
rPois    ∞         Reflect  .   I - +2 hat of Ashenzari's Portent {Evo, Self} (curse)
rElec    .         Harm     .   N - +2 cloak "Mistrust of the Sky" {Self, Evo} (curse)
rCorr    .         Rampage  .   A - +0 pair of fencer's gloves {Riposte Dex+3, Self, Cun} (curse)
rMut     +         Clarity  +   (boots unavailable)
Will     +....                  z - amulet of the acrobat
Stlth    ++........             o - ring of the Sidereal Sage {AC+4, Evo, Self} (curse)
HPRegen  0.28/turn              a - ring "Anxiety of Ashenzari" {Wiz, Fort, Self} (curse)
MPRegen  0.00/turn

@: confused, ambrosia-drunk, acrobatic, flying
A: sickness immunity, fire resistance 2, cold vulnerability 1, float, innate
caster, hp casting, extra vitality 1
a: Renounce Religion, Curse Item, Shatter the Chains


You were on level 1 of the Abyss.
You worshipped Ashenzari.
Ashenzari was extremely pleased with you.
You visited 4 branches of the dungeon, and saw 22 of its levels.
You visited the Abyss 1 time.
You also visited: Sewer and Bailey.

You collected 1538 gold pieces.

Inventory:

Hand Weapons
 c - the +5 rapier "Assuups" {drain, rC+ Will++ rCorr Int-4}
   (You acquired it on level 2 of the Dungeon)

   A truly terrible weapon, it drains the life of those it strikes.
   It affects your intelligence (-4).
   It protects you from cold.
   It protects you from acid and corrosion.
   It greatly increases your willpower.
 k - the +10 rapier of the Thieving Seer {speed, rC+ Str+4 Stlth+}
   (You acquired it in a bailey)

   Attacks with this weapon are significantly faster.
   It affects your strength (+4).
   It protects you from cold.
   It makes you more stealthy.
 x - the cursed +7 lajatang of Order (weapon) {silver, rMut, Self, Cun}
   (You found it on level 4 of the Dungeon)

   It protects you from mutation.
   It has a curse which improves the following skills: Introspection: Fighting
   and Spellcasting.
   Cunning:   Dodging and Stealth.
 K - a +1 scimitar of flaming
Missiles
 d - a throwing net
 h - 10 atropa-tipped darts
 L - 5 boomerangs of dispersal
Armour
 f - +0 steam dragon scales
 j - the +2 robe "Naonk" (worn) {Regen+}
   (You found it on level 6 of the Lair of Beasts)

   It increases your rate of health regeneration.
 y - a +0 helmet
 A - the cursed +0 pair of fencer's gloves (worn) {Riposte Dex+3, Self, Cun}
   (You acquired it on level 7 of the Dungeon)

   It affects your dexterity (+3).
   It has a curse which improves the following skills: Introspection: Fighting
   and Spellcasting.
   Cunning:   Dodging and Stealth.
 I - the cursed +2 hat of Ashenzari's Portent (worn) {Evo, Self}
   (You took it off Gastronok on level 1 of the Lair of Beasts)

   It has a curse which improves the following skills: Evocations: Evocations.
   Introspection: Fighting and Spellcasting.
 N - the cursed +2 cloak "Mistrust of the Sky" (worn) {Self, Evo}
   (You found it on level 12 of the Dungeon)

   It has a curse which improves the following skills: Introspection: Fighting
   and Spellcasting.
   Evocations: Evocations.
 T - a +2 robe of cold resistance
Jewellery
 a - the cursed ring "Anxiety of Ashenzari" (right hand) {Wiz, Fort, Self}
   (You acquired it in the Ecumenical Temple)

   [ring of wizardry]

   It improves your spell success rate.
   It has a curse which improves the following skills: Fortitude: Armour and
   Shields.
   Introspection: Fighting and Spellcasting.
 o - the cursed ring of the Sidereal Sage (left hand) {AC+4, Evo, Self}
   (You took it off an orc on level 8 of the Dungeon)

   [ring of protection]

   It affects your AC (+4).
   It has a curse which improves the following skills: Evocations: Evocations.
   Introspection: Fighting and Spellcasting.
 z - an amulet of the acrobat (around neck)
 H - a ring of ice
 J - a ring of resist corrosion
 O - the ring "Ritaneutz" {rF+ Dex+4}
   (You found it on level 8 of the Dungeon)

   [ring of protection from fire]

   It affects your dexterity (+4).
   It protects you from fire.
 R - a ring of protection from cold
 S - a ring of ice
Wands
 n - a wand of digging (3)
 G - a wand of iceblast (16)
 Q - a wand of acid (12)
Scrolls
 b - 13 scrolls of enchant weapon
 e - 6 scrolls of enchant armour
 l - 3 scrolls of immolation
 q - a scroll of magic mapping
 t - a scroll of silence
 C - 5 scrolls of summoning
 E - a scroll of brand weapon
 F - 2 scrolls of vulnerability
 U - a scroll of blinking
 V - 2 scrolls of fear
Potions
 m - 5 potions of might
 p - 7 potions of haste
 s - 3 potions of ambrosia
 u - a potion of cancellation
 v - 2 potions of attraction
 B - 3 potions of lignification
 D - 2 potions of resistance
 M - a potion of brilliance
 P - a potion of berserk rage
 W - a potion of mutation
Miscellaneous
 r - a tin of tremorstones (2/2)
 w - a condenser vane


   Skills:
 + Level 4.8(12.3) Fighting
 + Level 3.1 Short Blades
 + Level 7.0 Staves
 + Level 6.0(10.1) Dodging
 + Level 6.0(10.1) Stealth
 + Level 19.1(26.1) Spellcasting


You had 25 spell levels left.
You knew the following spells:

 Your Spells              Type           Power      Damage    Failure   Level
a - Foxfire               Conj/Fire      100%       2x1d9     0%          1
b - Conjure Flame         Conj/Fire      97%        6-21      0%          3
c - Inner Flame           Hex/Fire       97%        N/A       0%          3
d - Sticky Flame          Conj/Fire      97%        2d11      0%          4
e - Fireball              Conj/Fire      48%        3d19      0%          5
f - Animate Skeleton      Necr           100%       N/A       0%          1
g - Searing Ray           Conj           100%       3d7       0%          2
h - Call Imp              Summ           97%        N/A       0%          2
i - Passage of Golubria   Tloc           N/A        N/A       0%          4
j - Bolt of Magma         Conj/Fire/Erth 48%        4d20      0%          5
k - Borgnjor's Vile Clut  Necr/Erth      48%        N/A       0%          5
l - Shadow Creatures      Summ           N/A        N/A       0%          6
Your spell library was empty.

Dungeon Overview and Level Annotations

Branches:
Dungeon (13/15)            Temple (1/1) D:7            Lair (6/6) D:10
 Shoals (0/4) Lair:4       Spider (0/4) Lair:4        Slime (0/5) Lair:6
    Orc (2/2) D:12         Vaults (0/5) D:13          Sewer (visited)
 Bailey (visited)
    Elf: Orc:2

Altars:
Ashenzari
Cheibriados
Dithmenos
Elyvilon
Fedhas
Gozag
Hepliaklqana
Kikubaaqudgha
Makhleb
Nemelex Xobeh
Okawaru
Ru
Sif Muna
Trog
Uskayaw
Vehumet
Wu Jian
Xom
Zin
The Shining One

Annotations:
D:6 2 transporters, hgbash's ghost, novice HOBe
D:11 3 transporters, Demosthentine's ghost, novice MfGl
Orc:2 Sonja


Innate Abilities, Weirdness & Mutations

You are immune to sickness and miasma.
You are immune to poison.
Your flesh is very heat resistant. (rF++)
You are vulnerable to cold. (rC-)
You float through the air rather than walking.
You learn spells naturally, not from books.
Your magical power is your life essence.
You have superior vitality. (+4 HP)


Message History

Your chaos spawn closely misses the hell hound.
Your small abomination barely misses the hell hound.
Unknown command.
The hell hound bites your chaos spawn but does no damage.
The starcursed mass shrieks in your mind.
* * * LOW HITPOINT WARNING * * *
Your small abomination hits the hell hound!
A ynoxinul comes into view.
Your chaos spawn closely misses the hell hound.
The hell hound closely misses your chaos spawn.
The starcursed mass shrieks in your mind.
* * * LOW HITPOINT WARNING * * *
The hell hound breathes flames at you.
The blast of flame hits your chaos spawn!
Your chaos spawn dies!
Your chaos spawn degenerates into a cloud of primal chaos!
The blast of flame misses you.
Your small abomination misses the hell hound.
The starcursed mass shrieks in your mind.
* * * LOW HITPOINT WARNING * * *
The hell hound is engulfed in seething chaos.
The hell hound seems to speed up.
The hell hound completely misses you. The hell hound completely misses you.
Your small abomination hits the hell hound.
The hell hound closely misses your small abomination.
The hell hound completely misses you.
Your small abomination hits the hell hound.
The hell hound completely misses you.
The hell hound bites your small abomination.
The starcursed mass shrieks in your mind.
* * * LOW HITPOINT WARNING * * *
The hell hound bites you!
* * * LOW HITPOINT WARNING * * *
Your small abomination hits the hell hound!
The hell hound completely misses your small abomination.
The hell hound breathes flames at you. The blast of flame misses you.
The hell hound completely misses you.
Your small abomination hits the hell hound!
The starcursed mass shrieks in your mind.
You die...

,,* ** , , ,
,* ,*,, , ,
, ** *, * *
,*{*{ * ,
,,* , *** *
* , * , , *
,* * , *, ,
* ** *, ,
.####.# *
,,*..##### ,
, ,* *.
*.#####. #*,
* , ,* * .
.##@### , *
, #...÷xh#..
*
#....##h#.÷
, * * *
#.###.##.###
#* * ,* ,,
#,. *. ,* *
* *


hX# # , * , .. , , * , .. , , , , , * * * , *# , * * You could see a starcursed
mass, 2 hell hounds and a friendly small abomination (summoned).

Vanquished Creatures
  Gastronok (Lair:1)
  A tentacled starspawn (Abyss:1)
  7 hydras
  Fannar (Lair:2)
  Erica (D:8)
  A merfolk avatar (Lair:6)
  4 death yaks (Lair:4)
  3 two-headed ogres
  Nergalle (D:11)
  6 orc knights
  A lindwurm (Lair:4)
  4 oklob plants
  4 deep elf pyromancers
  7 cyclopes
  An orc sorcerer (Orc:1)
  4 manticores
  3 black mambas
  17 elephants
  A merfolk siren (Lair:4)
  3 torpor snails
  18 cane toads
  Maggie (Lair:2)
  5 rime drakes
  2 unseen horrors (D:13)
  A demonic crawler (Abyss:1)
  4 komodo dragons
  An ancient zyme (Abyss:1)
  2 queen bees
  5 polar bears
  3 meliai (Lair:4)
  3 hornets (Lair:6)
  5 trolls
  Prince Ribbit (D:5)
  5 blink frogs
  A raiju (Abyss:1)
  A small abomination (Abyss:1)
  17 dream sheep
  A shadow (D:10)
  A tarantella (Lair:4)
  A starcursed mass (Abyss:1)
  50 yaks
  A wraith (D:13)
  6 wyverns
  A vampire (D:12)
  4 basilisks
  A swamp worm (D:9)
  3 wargs
  Menkaure (D:7)
  4 steam dragons
  14 water moccasins
  A black bear (D:5)
  A hornet zombie (D:8)
  19 orc warriors
  4 ogres
  7 centaurs
  A wolf (Lair:4)
  2 phantoms
  2 scorpions (D:6)
  13 bullfrogs
  A wyvern skeleton (D:6)
  A water moccasin skeleton (D:4)
  45 killer bees
  6 electric eels
  9 howler monkeys
  4 jellies
  A centaur zombie (D:6)
  A bullfrog skeleton (D:4)
  A centaur skeleton (D:5)
  13 orc priests
  2 hounds
  An iron imp (Abyss:1)
  An iguana (D:4)
  23 orc wizards
  2 hell rats (Lair:4)
  A killer bee zombie (D:6)
  A hound zombie (D:5)
  A mummy (D:7)
  A howler monkey zombie (D:8)
  7 gnolls
  7 river rats
  6 adders
  4 white imps
  An ufetubus (D:6)
  3 adder skeletons (D:4)
  6 worms
  3 dart slugs (D:2)
  75 orcs
  9 ball pythons
  8 endoplasms
  9 giant cockroaches
  21 goblins
  13 hobgoblins
  16 jackals
  3 quokkas
  3 bats
  A frilled lizard (Sewer)
  A hobgoblin zombie (D:7)
  9 kobolds
  A kobold zombie (D:7)
  2 orc zombies (D:7)
  10 rats
  A bush (D:10)
618 creatures vanquished.

Vanquished Creatures (collateral kills)
  A tentacled starspawn (Abyss:1)
  Azrael (Orc:2)
  Snorg (Orc:1)
  A great orb of eyes (Abyss:1)
  A hydra (Lair:6)
  A wretched star (Abyss:1)
  A sea snake (Lair:6)
  An orc knight (Orc:2)
  A lindwurm (Lair:6)
  An orc sorcerer (Orc:2)
  A cyclops (Orc:2)
  A manticore (Lair:6)
  A black mamba (Lair:6)
  An orange demon (Abyss:1)
  6 elephants (Lair:6)
  7 cane toads (Lair:6)
  2 rime drakes (Lair:6)
  3 komodo dragons (Lair:6)
  A hornet (Lair:6)
  3 wind drakes (Lair:6)
  2 raiju (Abyss:1)
  3 wyverns (Lair:6)
  4 fire elementals (Orc:2)
  A neqoxec (Abyss:1)
  A warg (Orc:2)
  3 water moccasins (Lair:6)
  3 hell hounds
  2 orc warriors (Orc:2)
  2 ogres (Orc:2)
  2 small abominations (Abyss:1)
  9 starcursed masses (Abyss:1)
  3 orc priests (Orc:2)
  An iron imp (Abyss:1)
  7 orc wizards (Orc:2)
  4 gnolls (Orc:2)
  12 orcs (Orc:2)
  17 foxfires (Sewer)
  2 starspawn tentacles (Abyss:1)
114 creatures vanquished.

Vanquished Creatures (others)
  A death yak (Lair:6)
  A wyvern (Lair:6)
  An orc (D:8)
  667 foxfires
  70 fungi
  155 plants
  5 starspawn tentacles (Abyss:1)
900 creatures vanquished.

Grand Total: 1632 creatures vanquished

Notes
Turn   | Place    | Note
-------+----------+-------------------------------------------
     0 | D:1      | robertstho the Djinni Fire Elementalist began the quest for
                  | the Orb.
     0 | D:1      | Reached XP level 1. HP: 15/15 MP: 0/0
   333 | D:1      | Reached skill level 3 in Spellcasting
   333 | D:1      | Reached XP level 2. HP: 14/21 MP: 0/0
  1090 | D:1      | Reached XP level 3. HP: 21/25 MP: 0/0
  1090 | D:1      | Learned a level 1 spell: Animate Skeleton
  1704 | D:2      | Identified a scroll of acquirement
  1704 | D:2      | Acquired the +5 rapier "Assuups" {drain, rC+ Will++ rCorr
                  | Int-4}
  1886 | D:2      | HP: 1/25 [gnoll/+0 spear (4)]
  2252 | D:2      | Reached XP level 4. HP: 26/31 MP: 0/0
  2513 | D:2      | Reached skill level 4 in Spellcasting
  3623 | D:3      | Reached XP level 5. HP: 31/36 MP: 0/0
  3623 | D:3      | Learned a level 2 spell: Searing Ray
  3631 | D:3      | Reached skill level 1 in Fighting
  3669 | D:3      | Found a glowing drain.
  3679 | Sewer    | Entered a sewer
  3865 | Sewer    | Reached skill level 1 in Short Blades
  4870 | D:3      | Found a glowing golden altar of the Shining One.
  5013 | D:3      | Reached XP level 6. HP: 37/42 MP: 0/0
  5086 | D:3      | Reached skill level 5 in Spellcasting
  5686 | D:4      | Reached XP level 7. HP: 28/47 MP: 0/0
  5686 | D:4      | Learned a level 2 spell: Call Imp
  5888 | D:4      | Found a snail-covered altar of Cheibriados.
  6516 | D:4      | Found the +7 lajatang of Order {silver, rMut}
  6590 | D:4      | Reached skill level 6 in Spellcasting
  7055 | D:5      | Entered Level 5 of the Dungeon
  7083 | D:5      | Noticed Prince Ribbit
  7089 | D:5      | Killed Prince Ribbit
  7090 | D:5      | Reached XP level 8. HP: 48/54 MP: 0/0
  7350 | D:5      | Found a hide-covered altar of Uskayaw.
  7464 | D:5      | Reached skill level 7 in Spellcasting
  8336 | D:6      | Reached skill level 8 in Spellcasting
  8500 | D:6      | Reached XP level 9. HP: 48/58 MP: 0/0
  8500 | D:6      | Learned a level 4 spell: Passage of Golubria
  8932 | D:6      | Found a transporter.
  8932 | D:6      | Noticed hgbash's ghost (novice HOBe)
  8940 | D:6      | Found a transporter.
  9296 | D:7      | Reached skill level 9 in Spellcasting
  9757 | D:7      | Acquired the +0 pair of fencer's gloves {Riposte Dex+3}
  9758 | D:7      | Found the +0 pair of fencer's gloves {Riposte Dex+3}
 10355 | D:7      | Noticed Menkaure
 10356 | D:7      | Killed Menkaure
 10430 | D:7      | Found a staircase to the Ecumenical Temple.
 11094 | D:8      | Noticed Erica
 11109 | D:8      | Killed Erica
 11110 | D:8      | Reached skill level 1 in Staves
 11110 | D:8      | Reached skill level 10 in Spellcasting
 11110 | D:8      | Reached XP level 10. HP: 43/65 MP: 0/0
 11676 | D:8      | Identified the ring "Ritaneutz" {rF+ Dex+4}
 12055 | Temple   | Entered the Ecumenical Temple
 12107 | Temple   | Became a worshipper of Ashenzari the Shackled
 12119 | Temple   | Acquired a ring of wizardry
 12758 | D:9      | Found a flagged portal.
 12764 | Bailey   | Entered a bailey
 13172 | Bailey   | Noticed an orc knight
 13173 | Bailey   | Noticed an orc knight
 13180 | Bailey   | Killed an orc knight
 13180 | Bailey   | Killed an orc knight
 13181 | Bailey   | Reached skill level 5 in Stealth
 13181 | Bailey   | Reached skill level 11 in Spellcasting
 13182 | Bailey   | Noticed an orc knight
 13182 | Bailey   | Noticed an orc knight
 13198 | Bailey   | Killed an orc knight
 13206 | Bailey   | Killed an orc knight
 13207 | Bailey   | Reached XP level 11. HP: 26/71 MP: 0/0
 13207 | Bailey   | Learned a level 5 spell: Bolt of Magma
 13221 | Bailey   | Noticed an orc knight
 13524 | Bailey   | Killed an orc knight
 13767 | Bailey   | Acquired the +10 rapier of the Thieving Seer {speed, rC+
                  | Str+4 Stlth+}
 13867 | D:9      | Reached skill level 12 in Spellcasting
 14031 | D:9      | Found a sparkling altar of Nemelex Xobeh.
 15035 | D:10     | Entered Level 10 of the Dungeon
 15057 | D:10     | Found an iron altar of Okawaru.
 15231 | D:10     | Noticed a deep elf pyromancer
 15233 | D:10     | Killed a deep elf pyromancer
 15244 | D:10     | Noticed a two-headed ogre
 15248 | D:10     | Killed a two-headed ogre
 15661 | D:10     | Found a blossoming altar of Fedhas.
 15688 | D:10     | Noticed an oklob plant
 15699 | D:10     | Killed an oklob plant
 16270 | D:10     | Found a staircase to the Lair.
 16517 | D:11     | Reached skill level 13 in Spellcasting
 16732 | D:11     | Noticed a two-headed ogre
 16735 | D:11     | Noticed an orc sorcerer
 16746 | D:11     | Noticed an ettin
 16747 | D:11     | Noticed a cyclops
 16853 | D:11     | Noticed a cyclops
 16853 | D:11     | Noticed Demosthentine's ghost (novice MfGl)
 16855 | D:11     | Noticed a fire dragon
 16855 | D:11     | Noticed a six-headed hydra
 16858 | D:11     | Found a transporter.
 16858 | D:11     | Noticed Nergalle
 16863 | D:11     | Killed Nergalle
 17100 | D:11     | Reached * piety under Ashenzari
 17128 | D:11     | Noticed a manticore
 17133 | D:11     | Killed a manticore
 17483 | D:11     | Found a transporter.
 17623 | D:11     | Found a transporter.
 17729 | D:12     | Noticed a cyclops
 17732 | D:12     | Killed a cyclops
 17822 | D:12     | Reached XP level 12. HP: 54/80 MP: 0/0
 18365 | D:12     | Reached ** piety under Ashenzari
 18365 | D:12     | Reached *** piety under Ashenzari
 18403 | D:12     | Reached skill level 14 in Spellcasting
 18653 | D:12     | Found a staircase to the Orcish Mines.
 19390 | D:13     | Noticed a two-headed ogre
 19395 | D:13     | Killed a two-headed ogre
 19401 | D:13     | Noticed a two-headed ogre
 19739 | D:13     | Killed a two-headed ogre
 20129 | D:13     | Noticed a boulder beetle
 20131 | D:13     | Found a gate to the Vaults.
 20131 | D:13     | Noticed an ironbound preserver
 20148 | D:13     | Reached skill level 15 in Spellcasting
 20167 | D:13     | Noticed a centaur warrior
 20251 | Lair:1   | Entered Level 1 of the Lair of Beasts
 20517 | Lair:1   | Reached skill level 5 in Dodging
 20535 | Lair:1   | Noticed Gastronok
 20541 | Lair:1   | Killed Gastronok
 20542 | Lair:1   | Reached XP level 13. HP: 26/90 MP: 0/0
 20542 | Lair:1   | Learned a level 5 spell: Borgnjor's Vile Clutch
 22557 | Lair:2   | Identified the +4 ring mail "Sawo Goll" {*Slow rPois Str+6
                  | Dex-4}
 22827 | Lair:2   | Noticed Maggie
 22832 | Lair:2   | Killed Maggie
 22833 | Lair:2   | Reached skill level 5 in Staves
 23029 | Lair:2   | Reached skill level 16 in Spellcasting
 23573 | Lair:2   | Noticed Fannar
 23576 | Lair:2   | Killed Fannar
 24486 | Lair:3   | Found a shadowy altar of Dithmenos.
 24839 | Lair:3   | Reached **** piety under Ashenzari
 25873 | Lair:4   | Reached XP level 14. HP: 37/103 MP: 0/0
 26811 | Lair:4   | Reached skill level 17 in Spellcasting
 27386 | Lair:4   | Found a staircase to the Shoals.
 28076 | Lair:4   | Found a hole to the Spider Nest.
 29495 | Lair:5   | Reached skill level 18 in Spellcasting
 30569 | Lair:6   | Entered Level 6 of the Lair of Beasts
 30574 | Lair:6   | Reached XP level 15. HP: 89/109 MP: 0/0
 30574 | Lair:6   | Learned a level 6 spell: Shadow Creatures
 30655 | Lair:6   | Found a staircase to the Slime Pits.
 32667 | Lair:6   | Reached ***** piety under Ashenzari
 33234 | Lair:6   | Identified the +2 robe "Naonk" {Regen+}
 33659 | Orc:1    | Entered Level 1 of the Orcish Mines
 33672 | Orc:1    | Noticed Snorg
 33679 | Orc:1    | Killed Snorg
 34207 | Orc:2    | Entered Level 2 of the Orcish Mines
 34221 | Orc:2    | Noticed Azrael
 34229 | Orc:2    | Killed Azrael
 35117 | Orc:2    | Noticed Sonja
 35132 | Orc:2    | Cast into level 1 of the Abyss (Sonja)
 35366 | Abyss:1  | Paralysed by accursed screaming for 1 turns
 35377 | Abyss:1  | Reached skill level 19 in Spellcasting
 35392 | Abyss:1  | Noticed a hellephant
 35602 | Abyss:1  | Noticed a tentacled starspawn
 35617 | Abyss:1  | Killed a tentacled starspawn
 35712 | Abyss:1  | Noticed a tentacled starspawn
 35720 | Abyss:1  | Killed a tentacled starspawn
 35801 | Abyss:1  | HP: 5/112 [starcursed mass/accursed screaming (5)]
 35808 | Abyss:1  | HP: 1/112 [hell hound (11)]
 35809 | Abyss:1  | Killed from afar by a starcursed mass

Illustrated notes

Levels and vault maps discovered:
D:1:      mainiacjoe_arrival_reflecting_pool, layout_rooms
D:2:      layout_loops_ring, minmay_worlds_worst_comb
D:3:      layout_rooms, overflow_temple_1_default, lightli_sewer_entry_pipes,
          minmay_ogre_servants
D:4:      layout_basic, overflow_temple_1_default,
          minmay_fractal_squares_gapless_5
D:5:      corexii_shack_village, layout_cave_pools, lemuel_tele_altar,
          uniq_prince_ribbit1
D:6:      layout_loops_cross, gammafunk_ghost_arena, serial_bayou_pond_e,
          corexii_leaking_fountain
D:7:      layout_loops_ring, nicolae_overflow_crystal_walls, old_standard_altar,
          minmay_temple_entry_purple_smoke, minmay_mini_ossuary, uniq_menkaure
D:8:      layout_loops_ring, uniq_erica
D:9:      layout_loops_corners, nicolae_overflow_hidden_temple, enter_bailey_3,
          worms_lemuel
D:10:     layout_loops_cross, okawaru_ov_weapons_minmay, tgw_fedhas,
          erik_lair_orcish_takeover
D:11:     gammafunk_beogh_shrine, layout_basic, gammafunk_ghost_arena,
          uniq_nergalle
D:12:     layout_roguey, orc_0_dummy
D:13:     layout_big_octagon, skrybe_vaults_entry_preservation
Temple:   nicolae_temple_great_sept
Lair:1:   layout_hall_layers, grunt_forest_stairs_basic, beast_lair_carwin_9,
          serial_bayou_shore_a, uniq_gastronok
Lair:2:   layout_misc_corridors, cheibrodos_lair_lostbears, grunt_megastairs_3,
          lemuel_fruit_tree, infiniplex_staircase_pool,
          minmay_lair_oklob_chamber, serial_bayou_shore_b, uniq_fannar,
          uniq_maggie
Lair:3:   layout_concentric_octagons, basic_altar, special_room
          [special_room_bee]
Lair:4:   regret_index_wax_grids, layout_regular_city,
          minmay_shoals_entry_lonely_mermaid, spider_nest_entry_rubble
Lair:5:   layout_cave_pods, serial_bayou, serial_bayou_pond_c,
          serial_bayou_lagoon_b, serial_bayou_lake_a, serial_bayou_pond_d,
          serial_bayou_pond_c
Lair:6:   gammafunk_lair_ancient_temple, layout_regular_city,
          nicolae_slime_entry_slimehenge
Orc:1:    layout_diamond_mine, nicolae_orc_crystal_geode, uniq_snorg
Orc:2:    st_orc_congregation, layout_diamond_mine, uniq_sonja, uniq_azrael,
          uniq_josephine
Abyss:1:  base:
D:12

Skill      XL: |  1  2  3  4  5  6  7  8  9 10 11 12 13 14 15 |
---------------+----------------------------------------------+-----
Spellcasting   | 3 4 5 6 8 10 11 13 15 16 18 19 | 19.1
Fighting       | 1 2 3 4 |  4.8
Stealth        | 2 3 4 5 6 |  6.0
Short Blades   | 1 2 3 |  3.1
Dodging        | 3 4 5 6 |  6.0
Staves         | 1 3 4 5 6 7 |  7.0

Action                   |  1- 3 |  4- 6 |  7- 9 | 10-12 | 13-15 || total
-------------------------+-------+-------+-------+-------+-------++-------
Melee: Rapier            |    10 |    41 |     6 |       |       ||    57
       Lajatang          |       |       |     5 |    13 |    36 ||    54
 Cast: Foxfire           |    80 |   171 |   175 |       |       ||   426
       Sticky Flame      |       |       |    20 |    11 |    39 ||    70
       Fireball          |       |       |    20 |   212 |   308 ||   540
       Bolt of Magma     |       |       |       |    16 |    15 ||    31
       Borgnjor's Vile C |       |       |       |       |     3 ||     3
       Searing Ray       |       |       |       |       |     2 ||     2
       Shadow Creatures  |       |       |       |       |   121 ||   121
Invok: Curse Item        |       |       |       |     3 |     3 ||     6
  Use: Scroll            |     5 |     1 |     8 |     6 |     3 ||    23
       Potion            |       |       |     1 |     6 |    22 ||    29
 Stab: Sleeping          |       |     3 |     1 |       |       ||     4
       Distracted        |       |       |       |       |     1 ||     1
       Confused          |       |       |       |       |     1 ||     1
Armor: Robe              |       |    12 |     9 |     7 |     1 ||    29
       Steam dragon scal |       |       |       |     6 |    40 ||    46
Dodge: Dodged            |    15 |    38 |    22 |    43 |   145 ||   263
       Rpst.: Lajatang   |       |       |       |     7 |    40 ||    47

Table legend: (Time is in decaauts)
 A = Elapsed time spent in this place.
 B = Non-inter-level travel time spent in this place.
 C = Inter-level travel time spent in this place.
 D = Time resting spent in this place.
 E = Time spent auto-exploring this place.
 F = Levels seen in this place.
 G = Mean time per level.
                   A        B        C        D        E       F      G
               +--------+--------+--------+--------+--------+-----+--------+
         Total |  35840 |  34871 |    969 |   6683 |  24504 |  25 | 1433.6 |
       Dungeon |  18705 |  18090 |    615 |   2151 |  14303 |  13 | 1438.8 |
        Temple |     78 |     68 |     10 |      0 |     44 |   1 |   78.0 |
          Lair |  12822 |  12510 |    312 |   3595 |   7836 |   6 | 2137.0 |
  Orcish Mines |   1472 |   1442 |     30 |    179 |    986 |   2 |  736.0 |
         Abyss |    677 |    677 |      0 |    394 |     31 |   1 |  677.0 |
         Sewer |   1010 |   1010 |      0 |    129 |    665 |   1 | 1010.0 |
        Bailey |   1074 |   1074 |      0 |    235 |    639 |   1 | 1074.0 |
               +--------+--------+--------+--------+--------+-----+--------+

Top non-repeatable levels by time:
  Lair:4: 3464 daAuts
  Lair:6: 2818 daAuts
    D:10: 2060 daAuts
    D:12: 1942 daAuts
     D:2: 1826 daAuts
     D:4: 1777 daAuts
  Lair:1: 1770 daAuts
  Lair:5: 1748 daAuts
  Lair:2: 1664 daAuts
     D:6: 1586 daAuts
     D:7: 1574 daAuts
     D:9: 1472 daAuts
  Lair:3: 1355 daAuts
     D:8: 1330 daAuts
    D:11: 1244 daAuts
